cohdb
Replays
Latest Replays
All Replays
Popular Replays
Top Player Replays
Match Explorer
How It Works
Community
CoH3 Stats
Reddit
Sign in to upload your games and track your stats! →
Sign in with Steam
Match 44511830
Unlisted
Match 44511830
Overview
Messages
Build Orders
End
Vickers Machine Gun Team
Construct Section Command Post
Infantry Section
Infantry Section
ML 3-inch Mortar Team
ML 3-inch Mortar Team
Construct Platoon Command Post
Dingo Light Scout Car
Unlock M3 Stuart Light Tanks
CMP 15cwt Truck
Selects Air and Sea Battlegroup
Selects Commando Section Paradrop
Selects M1 Pack Howitzer Paradrop
HoHo
vincenthombremorado2
ecerezo2011
RedneckRambo69
Joraad
674637136
whiskey
Ryn61390
0
0
Comments
sign in to comment!
No comments posted yet!